 Dungeon Crawl Stone Soup version 0.26-a0-1033-gd598b01645 (webtiles) character file.

Game seed: 10438270571557416510

7 Epicbro the Caller (level 2, -2/20 HPs)
             Began as a Human Summoner on Dec 10, 2020.
             Slain by an adder (3 damage)
             ... on level 2 of the Dungeon.
             The game lasted 00:08:25 (341 turns).

Epicbro the Caller (Human Summoner)                  Turns: 341, Time: 00:08:26

Health: -2/20      AC:  2    Str:  8    XL:     2   Next: 10%
Magic:  5/5        EV: 12    Int: 11    God:
Gold:   12         SH:  0    Dex: 13    Spells: 4/5 levels left

rFire    . . .     SeeInvis .   b - +0 dagger
rCold    . . .     Faith    .   (no shield)
rNeg     . . .     Spirit   .   a - +0 robe
rPois    .         Reflect  .   (no helmet)
rElec    .         Harm     .   (no cloak)
rCorr    .         Rampage  .   (no gloves)
Will     .....                  (no boots)
Stlth    ++........             (no amulet)
HPRegen  0.06/turn              g - -4 ring of intelligence
MPRegen  0.09/turn              (no ring)

@: lethally poisoned (-2 -> -7)
A: no striking features
a: no special abilities


You were on level 2 of the Dungeon.
You visited 1 branch of the dungeon, and saw 2 of its levels.

You collected 12 gold pieces.

Inventory:

Hand Weapons
 b - a +0 dagger (weapon)
Missiles
 c - 3 stones (quivered)
 d - 30 arrows
Armour
 a - a +0 robe (worn)
Jewellery
 g - a -4 ring of intelligence (left hand)


   Skills:
 + Level 0.4 Fighting
 + Level 2.0 Dodging
 + Level 2.1 Stealth
 + Level 2.2 Spellcasting
 + Level 4.0 Summonings


You had 4 spell levels left.
You knew the following spells:

 Your Spells              Type           Power        Failure   Level
a - Summon Small Mammal   Summ           ##..         5%          1

Your spell library contained the following spells:

 Spells                   Type           Power        Failure   Level
 Call Imp                 Summ           ##......     9%          2
 Call Canine Familiar     Summ           ##......     16%         3
 Summon Guardian Golem    Hex/Summ       #.......     36%         3
 Summon Ice Beast         Ice/Summ       #.......     77%         4
 Summon Lightning Spire   Summ/Air       #.......     77%         4


Dungeon Overview and Level Annotations

Branches:
Dungeon (2/15)

Altars:


Message History

The adder bites you but does no damage. The adder bites you.
* * * LOW HITPOINT WARNING * * *
You barely miss the adder.
The adder is lightly wounded.
The adder misses you.
You closely miss the adder.
The adder is lightly wounded.
The adder bites you.
* * * LOW HITPOINT WARNING * * *
You are lethally poisoned!
The adder poisons you!
You closely miss the adder.
The adder is lightly wounded.
* * * LOW HITPOINT WARNING * * *
You feel sick. The adder bites you but does no damage.
The adder closely misses you.
You miss the adder.
The adder is lightly wounded.
The adder bites you.
You die...

####### #. #...... ##
#...... #K#
#......#####.# .#
+..........#.# .#
#.####..........#.# ..#
.....######....#.# ..#
#..##.....##....#.#...#
#......@S.''....#.#.r.#
....#..)..##......'...#
# #.....##...##.#.
#.....##......#
#.....##....###
#.....##....########
>......##............
###....##............
##+#.........


You could see an adder.

Vanquished Creatures
  A bat (D:2)
  A hobgoblin (D:2)
  2 kobolds (D:2)
  2 frilled lizards (D:2)
  A rat (D:2)
7 creatures vanquished.

Vanquished Creatures (collateral kills)
  A giant cockroach (D:2)
  A frilled lizard (D:2)
2 creatures vanquished.

Grand Total: 9 creatures vanquished

Notes
Turn   | Place    | Note
-------+----------+-------------------------------------------
     0 | D:1      | Epicbro the Human Summoner began the quest for the Orb.
     0 | D:1      | Reached XP level 1. HP: 13/13 MP: 3/3
    10 | D:1      | You fall into a shaft and drop 1 floor!
   231 | D:2      | Reached XP level 2. HP: 16/19 MP: 1/5
   340 | D:2      | HP: 1/20 [poisoned by an adder]
   341 | D:2      | Slain by an adder

Illustrated notes

Levels and vault maps discovered:
D:1:      dpeg_arrival_oval, layout_loops_ring, hangedman_decor_points,
          minmay_split_cup_small
D:2:      layout_basic, nemelex_xobeh_ov_fountains_minmay

Action                   || total
-------------------------++-------
Melee: Unarmed           ||    21
       Dagger            ||    20
 Cast: Summon Small Mamm ||     9
  Use: Scroll            ||     3
 Stab: Sleeping          ||     1
Armor: Robe              ||     6
Dodge: Dodged            ||    27

Table legend: (Time is in decaauts)
 A = Elapsed time spent in this place.
 B = Non-inter-level travel time spent in this place.
 C = Inter-level travel time spent in this place.
 D = Time resting spent in this place.
 E = Time spent auto-exploring this place.
 F = Levels seen in this place.
 G = Mean time per level.
                   A        B        C        D        E       F      G
               +--------+--------+--------+--------+--------+-----+--------+
         Total |    339 |    333 |      6 |      0 |      0 |   2 |  169.5 |
       Dungeon |    339 |    333 |      6 |      0 |      0 |   2 |  169.5 |
               +--------+--------+--------+--------+--------+-----+--------+

Top non-repeatable levels by time:
     D:2: 329 daAuts
     D:1: 10 daAuts
